 Dungeon Crawl Stone Soup version 0.14-a0-1739-g6c2808e (webtiles) character file.

211 Mitsuki the Cudgeler (level 5, 0/45 HPs)
             Began as a Hill Orc Fighter on Jan 3, 2014.
             Slain by Sigmund
             ... wielding a +0,+4 scythe
              (7 damage)
             ... on Level 2 of the Dungeon.
             The game lasted 00:10:50 (1834 turns).

Mitsuki the Cudgeler (Hill Orc Fighter)             Turns: 1834, Time: 00:10:50

HP   0/45        AC  8     Str 20      XL: 5   Next: 15%
MP   5/5         EV  6     Int  8      God:
Gold 79          SH 20     Dex 12      Spells:  0 memorised,  4 levels left

rFire  . . .     SeeInvis .     f - -1,-2 hammer (curse)
rCold  . . .     Clarity  .     b - +0 orc scale mail (curse)
rNeg   . . .     Conserve .     c - +0 orc shield
rPois  .         rCorr    .     (no helmet)
rElec  .         rRot     .     e - +0 cloak {MR+}
SustAb . .       Spirit   .     (no gloves)
rMut   .         Warding  .     (no boots)
Saprov + . .     Stasis   .     (no amulet)
                                (no ring)
                                (no ring)

@: somewhat resistant to hostile enchantments, extremely unstealthy
A: thin skeletal structure 1, saprovore 1
a: no special abilities


You were on level 2 of the Dungeon.
You were not hungry.

You visited 1 branch of the dungeon, and saw 2 of its levels.

You collected 79 gold pieces.

Inventory:

Hand weapons
 a - a +1,+0 orcish mace
 f - a cursed -1,-2 hammer (weapon)
Armour
 b - a cursed +0 orcish scale mail (worn)
 c - a +0 orcish shield (worn)
 e - a +0 cloak of magic resistance (worn)
 j - a +0 fire dragon armour
Comestibles
 d - 2 meat rations
 g - 2 pears
 m - a rotting chunk of bat flesh
 n - 4 rotting chunks of hobgoblin flesh
 o - a rotting chunk of quokka flesh
 p - a choko
 r - a rotting chunk of rat flesh
 s - 2 apples
 t - a chunk of rat flesh
 u - 3 chunks of rat flesh
 v - a chunk of rat flesh
 w - 2 chunks of rat flesh
 x - 3 chunks of rat flesh
 z - 5 chunks of rat flesh
 A - a cheese
Scrolls
 k - a scroll of identify
Potions
 i - 2 potions of porridge
 l - 3 potions of curing


   Skills:
 - Level 3.6 Fighting
 + Level 5.7 Maces & Flails
 - Level 3.2 Armour
 - Level 3.2 Shields


You had 4 spell levels left.
You didn't know any spells.

Dungeon Overview and Level Annotations

Branches:
Dungeon (2/16)

Altars:
Nemelex Xobeh

Annotations:
D:2 Sigmund


Innate Abilities, Weirdness & Mutations

You can tolerate rotten meat.
You have a somewhat thin skeletal structure (Dex +2, Stlth).


Message History

You hear some strange, mumbled words.
The puff of flame misses you.
You miss it.
You hear some strange, mumbled words.
The magic dart hits you!
You barely miss it.
You hear some strange, mumbled words.
The magic dart hits you!
You barely miss it.
You hear some strange, mumbled words.
The magic dart hits you! It hits you!
* * * LOW HITPOINT WARNING * * *
You hit it but do no damage. You hit it but do no damage.
It hits you but does no damage.
You hit it. It hits you but does no damage.
You hit it. You thump it! It hits you.
* * * LOW HITPOINT WARNING * * *
You hit it. It hits you!
You die...

#...##
##...####'######
#..## ##..#
#....# #%## ##.#
####.# #%# #'#
#####.### #.##
##%# #........
#..## ##..#
#........ #...##
##...# #......).
#....###....#
#........
#....%@.....#
#........
#############
#########


There were no monsters in sight!

Vanquished Creatures
  Crazy Yiuf (D:2)
  An adder (D:2)
  A gnoll (D:2)
  4 giant geckos
  7 bats
  13 goblins
  9 hobgoblins
  A quokka (D:2)
  A ball python (D:2)
  5 giant newts
  8 kobolds
  45 rats
96 creatures vanquished.

Notes
Turn   | Place    | Note
--------------------------------------------------------------
     0 | D:1      | Mitsuki, the Hill Orc Fighter, began the quest for the Orb.
     0 | D:1      | Reached XP level 1. HP: 19/19 MP: 1/1
   167 | D:1      | Reached XP level 2. HP: 26/26 MP: 2/2
   328 | D:1      | Reached XP level 3. HP: 22/31 MP: 3/3
   636 | D:1      | Reached skill level 4 in Maces & Flails
   824 | D:2      | Gained mutation: You have a somewhat thin skeletal structure (Dex +2, Stlth). [potion of beneficial mutation]
   907 | D:2      | Found a sparkling altar of Nemelex Xobeh.
   973 | D:2      | Reached XP level 4. HP: 31/39 MP: 4/4
  1039 | D:2      | Noticed Sigmund
  1315 | D:2      | Noticed Crazy Yiuf
  1326 | D:2      | Killed Crazy Yiuf
  1326 | D:2      | Reached skill level 5 in Maces & Flails
  1632 | D:2      | Reached XP level 5. HP: 45/45 MP: 5/5
  1834 | D:2      | Slain by Sigmund

Action                   |  1- 3 |  4- 6 || total
-------------------------+-------+-------++-------
Melee: Mace              |   126 |    17 ||   143
       Hammer            |       |   151 ||   151
  Use: Scroll            |     5 |     4 ||     9
       Potion            |     3 |     2 ||     5
